 Dungeon Crawl Stone Soup version 0.23-a0-344-ge122d05 (webtiles) character file.

92068 Dissent the Fighter (level 15, -5/125 HPs)
             Began as a Mummy Fighter on Oct 19, 2018.
             Was an Initiate of Gozag.
             Slain by Cigotuvi's Monster (19 damage)
             ... in a wizard's laboratory.
             The game lasted 01:00:33 (33677 turns).

Dissent the Fighter (Mummy Fighter)                Turns: 33677, Time: 01:00:33

Health: -5/125     AC: 23    Str: 31 (33) XL:     15   Next: 56%
Magic:  30/30      EV: 14    Int:  9      God:    Gozag
Gold:   3054       SH: 19    Dex: 16      Spells: 14/14 levels left

rFire    + + +     SeeInvis .   g - +5 demon whip (drain)
rCold    + + +     Gourm    .   m - +0 large shield
rNeg     + + +     Faith    .   F - +4 chain mail {rC+}
rPois    ∞         Spirit   .   r - +1 helmet of Odghery {rF++ MP+9}
rElec    +         Reflect  .   C - +0 cloak
rCorr    +         Harm     .   l - +2 pair of gloves {Str+3}
MR       +....                  w - +0 pair of boots of Qyzok {rPois rN+}
Stlth    ..........             (no amulet)
HPRegen  0.30/turn              B - ring of flight
MPRegen  0.22/turn              i - ring of protection from fire

@: mighty, agile, resistant, constricted
A: no food or potions, fire vulnerability, cold resistance 1, negative energy
resistance 3, torment resistance, unbreathing, in touch with death 1
a: Potion Petition, Call Merchant, Bribe Branch, Renounce Religion, Evoke Flight


You were in a wizard's laboratory.
You worshipped Gozag.
Gozag was most pleased with you.
You were not hungry.

You visited 4 branches of the dungeon, and saw 21 of its levels.
You also visited: Wizlab.

You collected 8453 gold pieces.
You spent 1781 gold pieces at shops.
You paid 3618 gold pieces to Gozag.

Inventory:

Hand Weapons
 g - a +5 demon whip of draining (weapon)
   (You bought it in a shop on level 10 of the Dungeon)
Armour
 l - a +2 pair of gloves of strength (worn)
   (You found it on level 5 of the Dungeon)
 m - a +0 large shield (worn)
   (You found it on level 11 of the Dungeon)
 r - the +1 helmet of Odghery (worn) {rF++ MP+9}
   (You bought it in a shop on level 7 of the Dungeon)

   It greatly protects you from fire.
   It affects your magic capacity (+9).
 w - the +0 pair of boots of Qyzok (worn) {rPois rN+}
   (You bought it in a shop on level 7 of the Dungeon)

   It protects you from poison.
   It protects you from negative energy.
 z - the +0 mask of the Dragon {MR+ Slay+3 SInv}
   (You bought it in a shop on level 3 of the Lair of Beasts)

   It affects your accuracy and damage with ranged weapons and melee attacks
   (+3).
   It affects your resistance to hostile enchantments.
   It lets you see invisible.
 C - a +0 cloak (worn)
   (You found it on level 2 of the Lair of Beasts)
 E - the +3 warlock's mirror {reflect}
   (You found it on level 3 of the Lair of Beasts)
 F - a +4 chain mail of cold resistance (worn)
   (You found it on level 3 of the Lair of Beasts)
Jewellery
 i - a ring of protection from fire (right hand)
   (You bought it in a shop on level 1 of the Orcish Mines)
 B - a ring of flight (left hand)
   (You found it on level 6 of the Dungeon)
 I - an uncursed ring of ice
   (You found it on level 6 of the Lair of Beasts)
Wands
 c - a wand of disintegration (10)
   (You found it on level 6 of the Lair of Beasts)
 d - a wand of iceblast (11)
   (You found it on level 1 of the Lair of Beasts)
 q - a wand of enslavement (19)
   (You found it on level 6 of the Dungeon)
 s - a wand of polymorph (9)
   (You found it on level 8 of the Dungeon)
 t - a wand of flame (21)
   (You found it on level 8 of the Dungeon)
 u - a wand of paralysis (38)
   (You found it on level 4 of the Lair of Beasts)
 v - a wand of digging (20)
   (You found it on level 7 of the Dungeon)
 x - a wand of acid (3)
   (You found it on level 12 of the Dungeon)
 y - a wand of scattershot (5)
   (You found it on level 12 of the Dungeon)
Scrolls
 a - 2 scrolls of noise {!r}
 b - 2 scrolls of fog
 e - 2 scrolls of enchant armour
 f - a scroll of teleportation {@r4}
 h - 8 scrolls of identify {@r1}
 j - 3 scrolls of immolation {!r}
 k - 5 scrolls of remove curse {@r2}
 n - 3 scrolls of amnesia
 p - 3 scrolls of fear
 A - a scroll of brand weapon
 H - a scroll of vulnerability {!r}
Miscellaneous
 o - a lightning rod (4/4) {!a}
   (You found it on level 10 of the Dungeon)
 G - a lamp of fire
   (You found it on level 12 of the Dungeon)
 J - a box of beasts


   Skills:
 + Level 13.7 Fighting
 - Level 12.0 Maces & Flails
 - Level 9.0 Armour
 - Level 9.0 Dodging
 - Level 9.0 Shields
 - Level 9.1 Evocations


You had 14 spell levels left.
You didn't know any spells.
Your spell library contained the following spells:

 Spells                   Type           Power        Failure   Level  Hunger
 Sandblast                Erth           #.....       100%        1    N/A
 Passwall                 Tmut/Erth      #.......     100%        2    N/A
 Stone Arrow              Conj/Erth      #.....       100%        3    N/A
 Leda's Liquefaction      Hex/Erth       #.........   100%        4    N/A
 Petrify                  Tmut/Erth      #.......     100%        4    N/A
 Bolt of Magma            Conj/Fire/Erth #.........   100%        5    N/A
 Iskenderun's Battlesphe  Conj/Chrm      #.......     100%        5    N/A
 Lee's Rapid Deconstruct  Erth           #.........   100%        5    N/A
 Venom Bolt               Conj/Pois      #.........   100%        5    N/A
 Iron Shot                Conj/Erth      #.........   100%        6    N/A
 Malign Gateway           Summ/Tloc      #.........   100%        7    N/A
 Monstrous Menagerie      Summ           #.........   100%        7    N/A
 Orb of Destruction       Conj           #.........   100%        7    N/A
 Spellforged Servitor     Conj/Summ      #.........   100%        7    N/A
 Summon Greater Demon     Summ           #.........   100%        7    N/A
 Summon Horrible Things   Summ           #.........   100%        8    N/A
 Shatter                  Erth           #.........   100%        9    N/A
 Statue Form              Tmut/Erth      Unusable     N/A         6    N/A

Dungeon Overview and Level Annotations

Branches:
Dungeon (12/15)            Temple (0/1) D:7            Lair (6/6) D:10
  Swamp (0/4) Lair:2       Spider (0/4) Lair:2        Slime (0/5) Lair:5
    Orc (2/2) D:9             Elf (1/3) Orc:2

Altars:
Cheibriados
Dithmenos
Gozag
Kikubaaqudgha
Makhleb
Nemelex Xobeh
Okawaru
Qazlal
Trog
Vehumet
Wu Jian
Xom
The Shining One
Beogh
Jiyva
Lugonu

Shops:
D:7 [   D:10 (%(!   D:11 :   Orc:1 *   Orc:2 !:(:   Lair:3 [

Portals:
Hell: Lair:6
Trove: D:12 (show abyssal rune of Zot)

Annotations:
D:10 3 runed doors, inmateoo's ghost, journeyman GnGl


Innate Abilities, Weirdness & Mutations

You do not eat or drink.
Your flesh is vulnerable to fire.
You are immune to poison.
Your flesh is cold resistant. (rC+)
You are immune to negative energy. (rN+++)
You are immune to unholy pain and torment.
You can survive without breathing.
You are in touch with the powers of death.


Message History

Cigotuvi's Monster constricts you! [a] - 420 gold - heal wounds, magic, might and agility [b] - 253 gold - curing and magic [c] - 294 gold - haste and brilliance Purchase which effect?
You feel much better. Magic courses through your body.
You feel very mighty all of a sudden.
You feel agile all of a sudden.
Cigotuvi's Monster closely misses you. x2
You block Cigotuvi's Monster's attack.
* * * LOW HITPOINT WARNING * * *
Cigotuvi's Monster constricts you!
You whack Cigotuvi's Monster! You drain Cigotuvi's Monster!
You hit Cigotuvi's Monster but do no damage.
You drain Cigotuvi's Monster! Cigotuvi's Monster closely misses you.
Cigotuvi's Monster tramples you.
* * * LOW HITPOINT WARNING * * *
You stumble backwards!
Cigotuvi's Monster loses its grip on you.
Cigotuvi's Monster hits you but does no damage.
You block Cigotuvi's Monster's attack. x2; Cigotuvi's Monster grabs you.
* * * LOW HITPOINT WARNING * * *
Cigotuvi's Monster constricts you!! [a] - 216 gold - heal wounds and curing [b] - 390 gold - flight, agility and invisibility [c] - 600 gold - flight, agility, invisibility and resistance Purchase which effect?
You feel much better.
You feel better. You block Cigotuvi's Monster's attack.
Cigotuvi's Monster tramples you!
* * * LOW HITPOINT WARNING * * *
You hold your ground!
You block Cigotuvi's Monster's attack.
* * * LOW HITPOINT WARNING * * *
Cigotuvi's Monster constricts you!!
You block the large abomination's attack.
Unknown command.
Cigotuvi's Monster's grasp on you weakens, but your attempt to escape fails.
You block Cigotuvi's Monster's attack. x3
* * * LOW HITPOINT WARNING * * *
Cigotuvi's Monster constricts you!! [a] - 345 gold - haste and heal wounds [b] - 297 gold - curing and magic [c] - 744 gold - heal wounds, magic, resistance, might and agility Purchase which effect?
You feel much better. Magic courses through your body.
You feel protected.
You feel mightier all of a sudden.
You feel more agile all of a sudden. Cigotuvi's Monster hits you!!
* * * LOW HITPOINT WARNING * * *
You block Cigotuvi's Monster's attack. x2
You die...
Your body crumbles into a pile of gold.

.....#§.§§# #..#
#...#.§§§.§ #..#
#...#....§§ #..##
#...##..§.# #...##
##'####..## ##...+
#...#.#### #X..#
#...#..#### ##X###
....#.....####.Hu####
#.........#.....@...####
##'####..##...###......#
....#§######+# ####...#
...§#§§## #...##
.§§§#§..# #...##
..§§§.§## ###..#
##+##### #..# #...###
#..# ......## #..#


You could see a cyan very ugly thing, Cigotuvi's Monster and 2 large
abominations.

Vanquished Creatures
  3 entropy weavers
  A very ugly thing (WizLab)
  A dire elephant (Lair:5)
  3 ogre magi (Orc:2)
  3 hydras
  Fannar (D:10)
  3 two-headed ogres
  3 ghost crabs (Lair:3)
  8 death yaks
  An orc high priest (Orc:2)
  Sonja (Lair:6)
  5 fire crabs (Lair:3)
  An iron golem (WizLab)
  4 unseen horrors
  A sixfirhy (Lair:6)
  A death drake (shapeshifter) (WizLab)
  A glowing orange brain (shapeshifter) (WizLab)
  A wizard (Lair:6)
  Pikel (D:7)
  3 orc knights
  8 deep elf magi (Elf:1)
  17 ugly things
  7 orc sorcerers (Orc:2)
  2 cyclopes
  2 moths of wrath (Lair:5)
  3 oklob plants (Lair:4)
  8 elephants
  An apocalypse crab (Lair:3)
  8 black mambas
  An ice statue (Lair:3)
  Maurice (Orc:1)
  2 torpor snails (Lair:5)
  9 spiny frogs
  2 orange demons (Lair:6)
  A smoke demon (Lair:6)
  A freezing wraith (Lair:3)
  3 kobold demonologists (D:10)
  4 rime drakes
  4 komodo dragons
  3 ice devils (Lair:6)
  2 elves (WizLab)
  A red devil (Lair:6)
  2 polar bears
  3 trolls
  11 tyrant leeches (Lair:5)
  A hornet (shapeshifter) (WizLab)
  6 slime creatures
  10 dream sheep (Lair:6)
  A meliai zombie (D:12)
  7 hippogriffs
  9 blink frogs
  Sigmund (D:4)
  42 yaks
  A vampire (D:11)
  2 basilisks (Lair:4)
  Eustachio (D:5)
  A water elemental (Elf:1)
  4 hogs (D:7)
  A human (shapeshifter) (WizLab)
  5 humans
  3 vampire mosquitoes (Lair:2)
  A hungry ghost (D:11)
  A steam dragon (D:10)
  4 swamp worms (Lair:5)
  8 water moccasins
  A floating eye (shapeshifter) (WizLab)
  3 hell hounds (Lair:6)
  5 porcupines
  19 orc warriors
  A swamp drake (shapeshifter) (WizLab)
  A black bear (D:9)
  3 sky beasts
  13 ice beasts
  5 phantoms
  13 ogres
  2 eyes of draining
  10 centaurs
  10 crocodiles
  8 wolves
  A crocodile (shapeshifter) (WizLab)
  2 big kobolds (D:12)
  11 bullfrogs
  A gnoll sergeant (Orc:1)
  4 scorpions
  11 wights
  An electric eel (Lair:4)
  8 howler monkeys
  3 crimson imps
  2 bullfrog zombies
  A quasit (D:7)
  4 hounds
  12 orc priests
  4 jellies
  2 centaur skeletons
  3 bullfrog skeletons
  33 orc wizards
  9 worker ants
  A killer bee zombie (D:7)
  9 small abominations (WizLab)
  A hound zombie (D:11)
  Robin (D:3)
  18 adders
  3 gnolls
  3 white imps (Lair:3)
  2 oozes
  An adder skeleton (D:6)
  An adder zombie (D:8)
  2 dart slugs
  A worm (D:4)
  3 leopard geckos
  82 orcs
  A ball python (D:4)
  7 bats
  5 giant cockroaches
  12 goblins
  12 hobgoblins
  10 jackals
  7 quokkas
  3 frilled lizards
  10 kobolds
  A quokka zombie (D:5)
  3 rats
  3 plants (Lair:4)
669 creatures vanquished.

Vanquished Creatures (others)
  A dancing weapon (Orc:1)
  A wizard (D:5)
  A slave (D:8)
  An orc wizard (D:8)
  An orc (D:8)
  A giant cockroach (D:8)
  A jackal (D:8)
  2 fungi
  8 plants
17 creatures vanquished.

Grand Total: 686 creatures vanquished

Notes
Turn   | Place    | Note
-------+----------+-------------------------------------------
     0 | D:1      | Dissent the Mummy Fighter began the quest for the Orb.
     0 | D:1      | Reached XP level 1. HP: 18/18 MP: 1/1
   182 | D:1      | Reached skill level 1 in Dodging
   328 | D:1      | Reached XP level 2. HP: 24/24 MP: 2/2
   814 | D:2      | Reached XP level 3. HP: 29/29 MP: 3/3
   853 | D:2      | Found an opulent altar of Gozag.
   858 | D:2      | Became a worshipper of Gozag Ym Sagoz the Greedy
   922 | D:2      | Found a radiant altar of Vehumet.
  1895 | D:2      | Found an opulent altar of Gozag.
  1958 | D:1      | Reached XP level 4. HP: 20/35 MP: 4/4
  2174 | D:2      | Found a radiant altar of Vehumet.
  2526 | D:3      | Noticed Robin
  2730 | D:3      | Killed Robin
  2774 | D:3      | Found a snail-covered altar of Cheibriados.
  2988 | D:3      | Reached XP level 5. HP: 37/41 MP: 5/5
  3665 | D:4      | Reached XP level 6. HP: 47/47 MP: 6/6
  3733 | D:4      | Found a shadowy altar of Dithmenos.
  3735 | D:4      | Noticed Sigmund
  4128 | D:4      | Found a transporter.
  4359 | D:5      | Entered Level 5 of the Dungeon
  4398 | D:5      | Noticed Eustachio
  4443 | D:5      | Killed Eustachio
  4622 | D:5      | Found a stormy altar of Qazlal.
  4622 | D:5      | Found a shimmering altar of Xom.
  4625 | D:5      | Found a bloodstained altar of Trog.
  4631 | D:5      | Found a glowing golden altar of the Shining One.
  4631 | D:5      | Found an iron altar of Okawaru.
  4734 | D:5      | Found an ornate altar of the Wu Jian Council.
  5053 | D:5      | Found a bloodstained altar of Trog.
  5056 | D:5      | Noticed a wizard
  5061 | D:5      | Killed a wizard
  5252 | D:5      | Reached XP level 7. HP: 40/52 MP: 7/7
  5441 | D:5      | Reached skill level 5 in Maces & Flails
  6075 | D:7      | Reached XP level 8. HP: 47/58 MP: 8/8
  6499 | D:7      | Found a staircase to the Ecumenical Temple.
  6672 | D:6      | Reached skill level 4 in Fighting
  6910 | D:7      | Reached skill level 1 in Evocations
  7025 | D:7      | Reached XP level 9. HP: 49/65 MP: 8/10
  7531 | D:4      | Killed Sigmund
  7531 | D:4      | Reached skill level 5 in Dodging
  7782 | D:8      | Noticed Pikel
  7806 | D:7      | Killed Pikel
  8071 | D:8      | Found a sparkling altar of Nemelex Xobeh.
  8469 | D:8      | Found the +3 salamander hide armour {+Rage rF++}
  8539 | D:8      | Found an ornate altar of the Wu Jian Council.
  8544 | D:8      | Reached XP level 10. HP: 71/71 MP: 12/12
  8751 | D:8      | Noticed a two-headed ogre
  8761 | D:8      | HP: 3/71 [two-headed ogre/+0 giant spiked club (21)]
  9090 | D:7      | Bought a pair of spiked boots for 228 gold pieces
  9090 | D:7      | Bought a twisted helmet for 228 gold pieces
  9106 | D:7      | Identified the cursed +0 pair of boots of Qyzok {rPois rN+}
                  | (You bought it in a shop on level 7 of the Dungeon)
  9116 | D:7      | Identified the +1 helmet of Odghery {rF++ MP+9} (You bought
                  | it in a shop on level 7 of the Dungeon)
  9185 | D:8      | HP: 2/71 [two-headed ogre/+0 giant spiked club (9)]
  9186 | D:8      | Killed a two-headed ogre
  9806 | D:9      | Reached skill level 10 in Maces & Flails
 10342 | D:9      | Found a staircase to the Orcish Mines.
 11044 | D:9      | Killed an unseen horror
 11296 | D:9      | Reached skill level 5 in Evocations
 11537 | D:10     | Entered Level 10 of the Dungeon
 11558 | D:10     | Noticed a two-headed ogre
 11681 | D:9      | Killed a two-headed ogre
 11681 | D:9      | Reached skill level 6 in Fighting
 11890 | D:10     | Found Zilycraiwa's Antique Weapon Boutique.
 11905 | D:10     | Bought a runed demon whip for 558 gold pieces
 12012 | D:10     | Killed an unseen horror
 12058 | D:10     | Reached XP level 11. HP: 78/83 MP: 14/14
 12089 | D:10     | Found Jowuol's Distillery.
 12120 | D:10     | Noticed Fannar
 12161 | D:10     | Killed Fannar
 12436 | D:10     | Found Joelyij's Antique Weapon Shop.
 12531 | D:10     | Found a runed gate.
 12532 | D:10     | Found a runed gate.
 12533 | D:10     | Found a runed gate.
 12535 | D:10     | Noticed inmateoo's ghost (journeyman GnGl)
 12675 | D:10     | Found a staircase to the Lair.
 12692 | D:10     | Found Riecun Wath's Food Boutique.
 12764 | D:10     | Found Zucol Rowy's Jewellery Shoppe.
 12810 | D:10     | Found a corrupted altar of Lugonu.
 13022 | D:4      | Found a transporter.
 13733 | D:11     | Noticed a red ugly thing
 13748 | D:11     | Killed a red ugly thing
 13999 | D:11     | Killed an unseen horror
 14183 | D:11     | Noticed a two-headed ogre
 14200 | D:11     | Killed a two-headed ogre
 14200 | D:11     | Reached skill level 7 in Fighting
 14236 | D:11     | Found Sudy's Book Boutique.
 14946 | D:12     | Reached skill level 8 in Fighting
 15132 | D:12     | Found a portal to a secret trove of treasure.
 15452 | D:12     | Killed an unseen horror
 15452 | D:12     | Reached XP level 12. HP: 79/94 MP: 15/15
 15609 | D:12     | Reached skill level 5 in Armour
 15914 | D:12     | Reached skill level 5 in Shields
 16074 | Lair:1   | Entered Level 1 of the Lair of Beasts
 17325 | Lair:2   | Found a hole to the Spider Nest.
 17488 | Lair:2   | Found a staircase to the Swamp.
 17960 | Lair:2   | Reached skill level 9 in Fighting
 18090 | Lair:2   | Noticed a death yak
 18091 | Lair:2   | Noticed a death yak
 18092 | Lair:2   | Noticed a death yak
 18093 | Lair:2   | Noticed a death yak
 18118 | Lair:1   | Killed a death yak
 18381 | Lair:2   | Killed a death yak
 18399 | Lair:2   | Killed a death yak
 18413 | Lair:2   | Killed a death yak
 18927 | Lair:2   | Found a hole to the Spider Nest.
 19179 | Lair:2   | Found a staircase to the Swamp.
 19366 | Lair:3   | Gained mutation: You are in touch with the powers of death.
                  | [Mummy growth]
 19366 | Lair:3   | Reached XP level 13. HP: 88/101 MP: 17/17
 19732 | Lair:3   | Bought the +0 mask of the Dragon {MR+ Slay+3 SInv} for 434
                  | gold pieces
 19732 | Lair:3   | Found the +0 mask of the Dragon {MR+ Slay+3 SInv}
 19760 | Lair:3   | Found a runed door.
 20288 | Lair:3   | Got a slimy hand axe
 20562 | Lair:3   | Noticed an entropy weaver
 21043 | Lair:2   | Found a staircase to the Swamp.
 21065 | Lair:2   | Killed an entropy weaver
 21489 | Lair:3   | Noticed an entropy weaver
 21522 | Lair:3   | Killed an entropy weaver
 21821 | Lair:3   | Noticed an entropy weaver
 21840 | Lair:3   | Killed an entropy weaver
 22095 | Lair:3   | Found the +3 warlock's mirror {reflect}
 22108 | Lair:3   | Paralysed by an apocalypse crab for 4 turns
 24674 | Lair:5   | Found a staircase to the Slime Pits.
 24674 | Lair:5   | Found a viscous altar of Jiyva.
 24770 | Lair:5   | Got a scorched leather armour
 24824 | Lair:5   | Identified the +2 leather armour of Focus {rN+} (You found
                  | it on level 5 of the Lair of Beasts)
 24900 | Lair:5   | Reached skill level 10 in Fighting
 25115 | Lair:5   | Reached XP level 14. HP: 59/111 MP: 18/18
 25976 | Lair:6   | Entered Level 6 of the Lair of Beasts
 26582 | Lair:6   | Noticed Sonja
 26606 | Lair:6   | Killed Sonja
 26970 | Lair:5   | Reached skill level 11 in Fighting
 27400 | Lair:6   | Found a burning altar of Makhleb.
 27703 | Lair:6   | Found a gateway to Hell.
 28720 | Orc:1    | Entered Level 1 of the Orcish Mines
 28720 | Orc:1    | Found a radiant altar of Vehumet.
 29155 | Orc:2    | Entered Level 2 of the Orcish Mines
 29206 | Orc:2    | Found a staircase to the Elven Halls.
 30019 | Orc:2    | Paralysed by an ogre mage for 7 turns
 30134 | Orc:2    | Found Vyxtaigi's Book Shoppe.
 30168 | Orc:2    | Found Botepefi's Book Emporium.
 30179 | Orc:2    | Reached XP level 15. HP: 108/118 MP: 21/21
 30206 | Orc:2    | Found a radiant altar of Vehumet.
 30220 | Orc:2    | Paralysed by an orc sorcerer for 4 turns
 30257 | Orc:2    | Found Suitif's Antique Weapon Shoppe.
 30408 | Orc:2    | Found a roughly hewn altar of Beogh.
 30409 | Orc:2    | Found Ziveawihutz's Distillery.
 30435 | Orc:2    | Found an ancient bone altar of Kikubaaqudgha.
 31584 | Orc:1    | Noticed Maurice
 31602 | Orc:1    | Killed Maurice
 31705 | Orc:1    | Found Tinnuf's Assorted Antiques.
 31718 | Orc:1    | Bought a wand of paralysis (12) for 46 gold pieces
 31718 | Orc:1    | Bought a scroll of enchant armour for 172 gold pieces
 31718 | Orc:1    | Bought a granite ring for 115 gold pieces
 31845 | Elf:1    | Entered Level 1 of the Elven Halls
 31871 | Elf:1    | Reached skill level 12 in Fighting
 32125 | Elf:1    | Found a magical portal.
 32134 | WizLab   | Entered Cigotuvi's Fleshworks
 32570 | WizLab   | Reached skill level 13 in Fighting
 33651 | WizLab   | Noticed Cigotuvi's Monster
 33677 | WizLab   | Slain by Cigotuvi's Monster

Vault maps used:
D:1:      matt_arrival_diagonals, nrook_mini_backslash
D:2:      nicolae_gozag_seed_capital, old_standard_altar
D:3:      old_standard_altar, first_ration, kennysheep_path_1, uniq_robin
D:4:      gammafunk_cloud_chamber, hangedman_decor_clover_reticule,
          nicolae_dithmenos_shadow_blocks, uniq_sigmund
D:5:      kennysheep_little_box, grunt_temple_overflow_open, trog_wizard,
          uniq_eustachio
D:6:      moated_statue, due_unseen_surprise
D:7:      minmay_temple_entry_purple_smoke, grunt_livestock
D:8:      basic_altar, skrybe_limestone_x, nemelex_spade_bored_becter,
          uniq_pikel
D:9:      hiddenorc1_lemuel
D:10:     kennysheep_kobold_lugonu_temple, lair_entry_dummy, serial_shops,
          nicolae_shop_crystal, shop, nicolae_shop_trees, kennysheep_mini_moat,
          shop, ebering_ghost_rock_garden, uniq_fannar
D:11:     serial_shops, kennysheep_mini, kennysheep_generic_room_3
D:12:     nicolae_trove_entry_crossroad
Lair:1:   minmay_stone_trees_small, st_stairs_8, serial_bayou_shore_a
Lair:2:   minmay_swamp_entry_swarm, spider_nest_entry_web_field,
          patterned_corridor, infiniplex_staircase_pool_2
Lair:3:   gammafunk_mikee_crab_dinner, ice2_lemuel
Lair:4:   grunt_megastairs_3, lemuel_fruit_fields, infiniplex_staircase_pool,
          minmay_lair_oklob_chamber
Lair:5:   slime_altar_1, worms_lemuel
Lair:6:   evil_forest, uniq_sonja
Orc:1:    serial_shops, nicolae_shop_overgrown_old_shop, basic_altar,
          sword_in_stone, uniq_maurice
Orc:2:    kennysheep_orc_mage_school
Elf:1:    eino_elf_arrival_the_gate, mu_enter_wizlab_3, evilmike_minifort
WizLab:   wizlab_cigotuvi

Skill      XL: |  1  2  3  4  5  6  7  8  9 10 11 12 13 14 15 |
---------------+----------------------------------------------+-----
Dodging        | 1 2 3 5 6 8 9 |  9.0
Maces & Flails | 2 3 4 6 8 9 10 12 | 12.0
Armour         | 3 4 7 8 9 |  9.0
Shields        | 3 4 6 8 9 |  9.0
Fighting       | 4 6 8 9 10 11 13 | 13.7
Evocations     | 2 3 5 6 9 |  9.1

Action                   |  1- 3 |  4- 6 |  7- 9 | 10-12 | 13-15 || total
-------------------------+-------+-------+-------+-------+-------++-------
Melee: Flail             |   161 |   288 |   397 |   228 |       ||  1074
       Demon whip        |       |       |       |   783 |  1697 ||  2480
Invok: Potion Petition   |       |       |       |     1 |     5 ||     6
       Call Merchant     |       |       |       |     1 |     1 ||     2
 Abil: Evoke Flight      |       |       |       |       |     2 ||     2
Evoke: Wand              |       |       |     2 |     6 |    53 ||    61
       Lightning rod     |       |       |       |       |     6 ||     6
       Lamp of fire      |       |       |       |       |     1 ||     1
  Use: Scroll            |       |     5 |       |    11 |     7 ||    23
 Stab: Distracted        |       |       |     2 |     3 |     8 ||    13
       Paralysed         |       |       |       |       |     1 ||     1
Armor: Scale mail        |    30 |       |       |       |       ||    30
       Plate armour      |    95 |   258 |   210 |   442 |    87 ||  1092
       Chain mail        |       |       |       |       |   435 ||   435
Dodge: Dodged            |    43 |    69 |    75 |   164 |   284 ||   635
Block: Shield            |    92 |   185 |   158 |   168 |       ||   603
       Large shield      |       |       |       |   264 |  1068 ||  1332

Table legend:
 A = Non-vault XP
 B = Vault XP
 C = Vault XP percentage of total XP
 D = Non-vault monster count
 E = Vault monster count
 F = Vault count percentage of total count
                 A         B        C        D         E       F
            +---------+---------+-------+---------+---------+-------
      Total |   62897 |   68629 |  52.2 |     451 |     216 |  32.4
            +---------+---------+-------+---------+---------+-------
        D:1 |      96 |       0 |   0.0 |      25 |       0 |   0.0
        D:2 |      29 |      20 |  40.8 |       7 |      10 |  58.8
        D:3 |     138 |      17 |  11.0 |      22 |       2 |   8.3
        D:4 |     252 |     588 |  70.0 |      13 |       4 |  23.5
        D:5 |     263 |     196 |  42.7 |       9 |       1 |  10.0
        D:6 |     672 |       0 |   0.0 |      12 |       0 |   0.0
        D:7 |     832 |    1664 |  66.7 |      26 |       6 |  18.8
        D:8 |    2213 |       0 |   0.0 |      28 |       0 |   0.0
        D:9 |    2985 |     260 |   8.0 |      21 |      17 |  44.7
       D:10 |    2546 |    2106 |  45.3 |      22 |       4 |  15.4
       D:11 |    5523 |     260 |   4.5 |      34 |       2 |   5.6
       D:12 |    4629 |       0 |   0.0 |      33 |       0 |   0.0
     Lair:1 |    3940 |     109 |   2.7 |      15 |       1 |   6.2
     Lair:2 |    7218 |    1907 |  20.9 |      26 |       4 |  13.3
     Lair:3 |    2363 |   12153 |  83.7 |      11 |      25 |  69.4
     Lair:4 |    2196 |    3035 |  58.0 |      12 |       5 |  29.4
     Lair:5 |    4156 |    6677 |  61.6 |      15 |      20 |  57.1
     Lair:6 |   14552 |   11043 |  43.1 |      46 |      26 |  36.1
      Orc:1 |    2167 |    1764 |  44.9 |      28 |       6 |  17.6
      Orc:2 |    3581 |    8618 |  70.6 |      41 |      36 |  46.8
      Elf:1 |    2546 |    2283 |  47.3 |       5 |       4 |  44.4
     WizLab |       0 |   15929 | 100.0 |       0 |      43 | 100.0
            +---------+---------+-------+---------+---------+-------
